 Dungeon Crawl Stone Soup version 0.20.0-8-g6b59dc7 (webtiles) character file.

639 MTVSty1e the Cudgeler (level 7, 0/66 HPs)
             Began as a Gargoyle Venom Mage on June 2, 2017.
             Slain by an orc warrior
             ... wielding a +0 glaive
              (13 damage)
             ... on level 4 of the Dungeon.
             The game lasted 00:16:35 (5940 turns).

MTVSty1e the Cudgeler (Gargoyle Venom Mage)         Turns: 5940, Time: 00:16:36

Health: 0/66       AC: 15    Str: 19    XL:     7   Next: 51%
Magic:  19/19      EV:  8    Int: 15    God:
Gold:   184        SH:  7    Dex: 10    Spells: 9/10 levels left

rFire    . . .     SeeInvis .   c - +1 mace
rCold    . . .     Gourm    .   k - +0 shield
rNeg     + . .     Faith    .   j - +0 ring mail
rPois    ∞         Spirit   .   (no helmet)
rElec    +         Reflect  .   (no cloak)
rCorr    .         Harm     .   (no gloves)
MR       .....                  r - +2 pair of boots
Stlth    ..........             m - amulet of rage
Regen    0.3/turn               d - ring of magical power
MPRegen  0.2/turn               v - +3 ring of protection

@: berserking, very quick
A: negative energy resistance 1, electricity resistance, unbreathing,
petrification resistance, rot immunity, AC +4
a: Evoke Berserk Rage


You were on level 4 of the Dungeon.
You were very hungry.

You visited 1 branch of the dungeon, and saw 4 of its levels.
You also visited: Sewer.

You collected 184 gold pieces.

Inventory:

Hand Weapons
 c - a +1 mace (weapon)
Armour
 a - a +0 robe
 j - a +0 ring mail (worn)
 k - a +0 shield (worn)
 r - a +2 pair of boots (worn)
Jewellery
 d - a ring of magical power (left hand)
 m - an amulet of rage (around neck)
 v - a +3 ring of protection (right hand)
Scrolls
 b - 3 scrolls of identify
 e - 2 scrolls of teleportation
 f - 2 scrolls of remove curse
 i - 2 scrolls of fog
 l - a scroll of noise
 n - a scroll of enchant armour {unknown}
Potions
 g - a potion of curing
 h - 2 potions of flight
 q - 2 potions of heal wounds
 s - a potion of resistance {unknown}
 t - a potion of brilliance {unknown}
Comestibles
 p - 2 meat rations
 u - 8 chunks of flesh


   Skills:
 + Level 4.7 Fighting
 * Level 6.3 Maces & Flails
 - Level 1.5 Dodging
 - Level 2.1 Stealth
 - Level 2.0 Spellcasting
 - Level 1.1 Conjurations
 - Level 3.0 Poison Magic


You had 9 spell levels left.
You knew the following spells:

 Your Spells              Type           Power        Failure   Level  Hunger
a - Sting                 Conj/Pois      #...         75%         1    #......


Dungeon Overview and Level Annotations

Branches:
Dungeon (4/15)
 Temple: D:4-7

Altars:
Cheibriados
Ru
Trog


Innate Abilities, Weirdness & Mutations

You are resistant to torment.
Your stone body is resilient. (AC +4)
You are immune to poison.
You resist negative energy. (rN+)
You are resistant to electric shocks. (rElec)
You can survive without breathing.
You are immune to petrification.
You are immune to rotting.


Message History

Your shield prevents you from hitting the orc.
The teleport trap disappears.
The orc disappears!
The orc priest mumbles some strange prayers to Beogh against you.
Beogh smites you!
The orc warrior hits you from afar with a glaive!!
* * * LOW HITPOINT WARNING * * *
A worker ant zombie comes into view.
You are too berserk!
You barely miss the orc.
The orc hits you with a short sword of draining.
* * * LOW HITPOINT WARNING * * *
You hit the orc.
The orc is heavily wounded.
You block the orc warrior's attack. The orc hits you but does no damage.
The orc priest begins to cast a cantrip, but forgets the words!
You sock the orc priest!
The orc priest is severely wounded.
The orc hits you but does no damage.
The orc warrior hits you from afar with a glaive!
You die...

#################
#...............
+.............#
#.............#
#.....##...##.#
########...#
##.....##..@#
#....>.....oo..#
#...........#o.#
#.....).....#Y§Z.
##..........#
#.#..
#......##...#
....
#.####+##...##
..#
#.......#....# .#
#.......#....#


You could see an orc warrior, an ice beast, an orc priest, an orc and a worker
ant zombie.

Vanquished Creatures
  Sigmund (D:3)
  A bullfrog (Sewer)
  An orc priest (D:3)
  A gnoll shaman (D:4)
  Jessica (D:3)
  6 adders
  3 gnolls (D:4)
  16 oozes
  A worm (D:2)
  3 dart slugs
  18 leopard geckos
  4 orcs
  13 giant cockroaches
  11 goblins
  11 hobgoblins
  8 jackals
  12 kobolds
  11 ball pythons
  11 bats
  15 frilled lizards
  5 rats
153 creatures vanquished.

Notes
Turn   | Place    | Note
-------+----------+-------------------------------------------
     0 | D:1      | MTVSty1e the Gargoyle Venom Mage began the quest for the Orb.
     0 | D:1      | Reached XP level 1. HP: 10/10 MP: 3/3
    75 | D:1      | Reached skill level 1 in Fighting
   145 | D:1      | Reached XP level 2. HP: 8/16 MP: 5/5
   423 | D:1      | Reached skill level 1 in Maces & Flails
   471 | D:1      | Learned a level 2 spell: Poisonous Vapours
   752 | D:1      | Reached XP level 3. HP: 21/21 MP: 6/6
  1090 | D:1      | Reached skill level 2 in Maces & Flails
  1619 | D:2      | Reached XP level 4. HP: 24/27 MP: 7/7
  1953 | D:2      | Found a faded altar of an unknown god.
  2520 | D:3      | Reached skill level 3 in Maces & Flails
  2600 | D:3      | Found a glowing drain.
  2682 | Sewer    | Entered a sewer
  2886 | Sewer    | Reached XP level 5. HP: 31/31 MP: 8/8
  3435 | Sewer    | Reached skill level 4 in Maces & Flails
  4416 | Sewer    | Reached XP level 6. HP: 37/37 MP: 9/9
  4861 | D:3      | Noticed Sigmund
  4870 | D:3      | Killed Sigmund
  4870 | D:3      | Reached skill level 5 in Maces & Flails
  4870 | D:3      | Reached XP level 7. HP: 44/44 MP: 10/10
  5280 | D:3      | Found a sacrificial altar of Ru.
  5308 | D:3      | Noticed Jessica
  5332 | D:3      | Killed Jessica
  5332 | D:3      | Reached skill level 6 in Maces & Flails
  5776 | D:4      | Found a bloodstained altar of Trog.
  5776 | D:4      | Found a snail-covered altar of Cheibriados.
  5940 | D:4      | Slain by an orc warrior

Skill      XL: |  1  2  3  4  5  6  7 |
---------------+----------------------+-----
Fighting       | 1 2 3 4 |  4.7
Maces & Flails | 1 2 3 4 5 6 |  6.3
Dodging        | |  1.5
Stealth        | |  2.1
Spellcasting   | |  2.0
Conjurations   | |  1.1
Poison Magic   | |  3.0

Action                   |  1- 3 |  4- 6 |  7- 9 || total
-------------------------+-------+-------+-------++-------
Melee: Club              |   108 |   454 |    57 ||   619
       Unarmed           |     1 |       |       ||     1
       Mace              |       |       |   104 ||   104
 Cast: Sting             |    50 |     1 |       ||    51
       Poisonous Vapours |     1 |       |       ||     1
 Abil: Evoke Berserk Rag |       |     6 |     5 ||    11
  Use: Scroll            |       |     7 |     5 ||    12
       Potion            |       |     2 |       ||     2
 Stab: Sleeping          |     1 |       |       ||     1
       Invisible         |       |       |     1 ||     1
       Paralysed         |       |       |     1 ||     1
  Eat: Bread ration      |     1 |     2 |     1 ||     4
       Chunk             |       |     5 |     1 ||     6
       Meat ration       |       |     1 |       ||     1
Armor: Robe              |    13 |       |       ||    13
       Ring mail         |    45 |   323 |   109 ||   477
Dodge: Dodged            |    76 |   201 |    78 ||   355
Block: Shield            |    22 |   182 |    75 ||   279
